 Dungeon Crawl Stone Soup version 0.28.0-45-g0d030f2227 (webtiles) character file.

Game seed: 3600719760276204191

2824 pkoi the Chiller (level 9, -13/72 HPs)
             Began as a Demigod Ice Elementalist on Apr 4, 2022.
             Mangled by Harold
             ... wielding a +3 hand axe
              (18 damage)
             ... on level 7 of the Dungeon.
             The game lasted 00:17:55 (13177 turns).

pkoi the Chiller (Demigod Ice Elementalist)        Turns: 13177, Time: 00:17:56

Health: -13/72     AC:  4    Str: 15    XL:     9   Next: 21%
Magic:  16/19      EV: 14    Int: 29    God:
Gold:   474        SH:  0    Dex: 14    Spells: 6/17 levels left

rFire   . . .      SeeInvis .   b - +2 dagger (venom)
rCold   . . .      Faith    .   (no shield)
rNeg    . . .      Spirit   .   a - +0 robe
rPois   .          Reflect  .   (no helmet)
rElec   .          Harm     .   (no cloak)
rCorr   .          Rampage  .   (no gloves)
Will    .....                   t - +1 pair of boots
Stlth   ++........              (no amulet)
HPRegen 0.22/turn               k - +6 ring of strength
MPRegen 0.16/turn               i - ring of wizardry

@: marked
A: high MP 1, forlorn, divine attributes
a: no special abilities


You were on level 7 of the Dungeon.
You visited 2 branches of the dungeon, and saw 8 of its levels.
You also visited: Ossuary.

You collected 474 gold pieces.

Inventory:

Hand Weapons
 b - a +2 dagger of venom (weapon)
Missiles
 e - 9 poisoned darts
Armour
 a - a +0 robe (worn)
 t - a +1 pair of boots (worn)
Jewellery
 c - a ring of resist corrosion
 i - a ring of wizardry (right hand)
 k - a +6 ring of strength (left hand)
 n - a ring of poison resistance
 o - a ring of flight
 q - a ring of fire
 s - a ring of positive energy
Wands
 r - a wand of flame (29)
 B - a wand of polymorph (11)
Scrolls
 d - 2 scrolls of fog
 p - 2 scrolls of teleportation
 u - a scroll of magic mapping
 v - 2 scrolls of blinking
 w - 5 scrolls of silence
 A - a scroll of vulnerability
Potions
 f - 2 potions of heal wounds
 g - 3 potions of ambrosia
 h - 4 potions of brilliance {unknown}
 j - a potion of resistance
 l - a potion of might
 m - 2 potions of haste {unknown}
 x - 2 potions of curing {unknown}
 z - a potion of cancellation


   Skills:
 + Level 4.5 Fighting
 + Level 5.0 Dodging
 - Level 1.7 Stealth
 + Level 4.5 Spellcasting
 + Level 3.5 Summonings
 + Level 7.7 Ice Magic
 + Level 3.6 Air Magic


You had 6 spell levels left.
You knew the following spells:

 Your Spells              Type           Power      Damage    Failure   Level
a - Freeze                Ice            100%       1d11      1%          1
b - Frozen Ramparts       Ice            100%       1d12      1%          3
c - Ozocubu's Armour      Ice            51%        N/A       1%          3
d - Summon Lightning Spi  Summ/Air       27%        N/A       6%          4

Your spell library contained the following spells:

 Spells                   Type           Power      Damage    Failure   Level
 Pain                     Necr           24%        1d5       2%          1
 Sandblast                Erth           12%        2d6       2%          1
 Summon Ice Beast         Ice/Summ       39%        N/A       2%          4
 Passwall                 Tmut/Erth      5%         N/A       4%          2
 Sublimation of Blood     Necr           6%         N/A       4%          2
 Hailstorm                Conj/Ice       29%        3d8       5%          4
 Ice Form                 Ice/Tmut       29%        N/A       5%          4
 Stone Arrow              Conj/Erth      12%        3d7       9%          3
 Haunt                    Necr/Summ      8%         N/A       100%        7
 Storm Form               Tmut/Air       8%         N/A       100%        7
 Maxwell's Capacitive Co  Air            14%        ∞         100%        8
 Death's Door             Necr           3%         N/A       100%        9


Dungeon Overview and Level Annotations

Branches:
Dungeon (7/15)             Temple (1/1) D:6         Ossuary (visited)

Shops:
D:2 *

Annotations:
D:7 Harold


Innate Abilities, Weirdness & Mutations

You have an increased reservoir of magic. (+10% MP)
You shall have no god before yourself.
Your divine heritage dramatically boosts your attributes as you level up.


Message History

You see here a +0 leather armour.
Found 12 gold pieces.
The helpless Harold fails to defend himself.
You hit Harold.
Harold is poisoned.
Harold is lightly wounded.
Harold casts a spell at you. A sentinel's mark forms upon you.
Casting: Summon Lightning Spire (dangerous; 6% risk of failure)
Confirm with . or Enter, or press ? or * to list all spells.
An electric hum fills the air.
Harold hits you with a +3 hand axe!!
* * * LOW HITPOINT WARNING * * *
Harold hits your lightning spire with a +3 hand axe!
Unknown command.
Harold points at you and mumbles some strange words.
The mark upon you grows brighter.
Unknown command.
Your lightning spire shoots out a bolt of lightning at Harold!
The bolt of electricity hits Harold!
You hit Harold.
Harold looks as sick as possible!
Harold is moderately wounded.
Unknown command.
You hit Harold but do no damage.
Harold looks as sick as possible!
Harold is moderately wounded.
Harold hits you with a +3 hand axe!
* * * LOW HITPOINT WARNING * * *
Unknown command.
You hit Harold but do no damage.
Harold is moderately wounded.
Harold hits you with a +3 hand axe!
* * * LOW HITPOINT WARNING * * *
Unknown command.
You hit Harold but do no damage.
Harold is moderately wounded.
Harold hits you with a +3 hand axe!
* * * LOW HITPOINT WARNING * * *
Unknown command.
You hit Harold.
Harold looks as sick as possible!
Harold is heavily wounded.
Harold hits you with a +3 hand axe!!
You die...

.......#...#.# #.#
#..#####...#.# #.#
#...####.<.#.# #.#
#.#........#.# #.#
#.#........#.## ##.#
#.#........#......8#
..#....>...#.#####.#
#.#.......[#.#####.#
#####.....[[....@@.#
#.#.#......#######.#
#'#'#...........
.... ..'.##......###
#.### ..###.......#
#.# ..'.###....##
#.# #'#'# ##...# #.#
#.#.# #...# $# #####
##..#


You could see Harold (extremely poisoned).

Vanquished Creatures
  A two-headed ogre (D:5)
  Pikel (D:6)
  A water moccasin (D:7)
  Duvessa (D:4)
  An orc warrior (D:5)
  A sky beast (D:6)
  2 ogres
  2 lemures (D:6)
  A wyvern zombie (D:7)
  An elf skeleton (D:7)
  A wyvern skeleton (D:5)
  2 water moccasin zombies
  Dowan (D:4)
  A killer bee (D:5)
  4 hounds
  4 jellies
  Jessica (D:3)
  3 iguanas
  An orc wizard (D:6)
  A hound skeleton (D:2)
  7 adders
  12 gnolls
  A shadow imp (D:5)
  2 ufetubi
  2 worms (D:2)
  2 dart slugs
  3 orcs (D:6)
  14 endoplasms
  4 giant cockroaches
  7 goblins
  10 hobgoblins
  13 jackals
  8 kobolds
  4 quokkas
  6 ball pythons
  8 bats
  3 frilled lizards
  A gnoll zombie (Ossuary)
  3 hobgoblin zombies (Ossuary)
  5 kobold zombies (Ossuary)
  2 orc skeletons (D:7)
  3 orc zombies (D:7)
  4 rats
155 creatures vanquished.

Vanquished Creatures (collateral kills)
  A wraith (Ossuary)
  3 mummies (Ossuary)
4 creatures vanquished.

Vanquished Creatures (others)
  5 fungi (D:3)
  23 plants (D:1)
  9 toadstools (D:3)
37 creatures vanquished.

Grand Total: 196 creatures vanquished

Notes
Turn   | Place    | Note
-------+----------+-------------------------------------------
     0 | D:1      | pkoi the Demigod Ice Elementalist began the quest for the
                  | Orb.
     0 | D:1      | Reached XP level 1. HP: 14/14 MP: 5/5
   300 | D:1      | Reached skill level 4 in Ice Magic
   309 | D:1      | Reached XP level 2. HP: 7/20 MP: 0/7
  2129 | D:1      | Got the Reference Book on Evil
  2192 | D:2      | Reached XP level 3. HP: 25/26 MP: 5/8
  2874 | D:1      | Learned a level 3 spell: Frozen Ramparts
  4153 | D:2      | Reached skill level 5 in Ice Magic
  4450 | D:2      | Reached XP level 4. HP: 34/34 MP: 9/9
  4484 | D:2      | Found Udupres's Assorted Antiques.
  5003 | D:3      | Noticed Jessica
  5008 | D:3      | Reached skill level 1 in Fighting
  5009 | D:3      | Killed Jessica
  5529 | D:3      | Reached XP level 5. HP: 7/40 MP: 7/11
  5532 | D:3      | HP: 2/40 [poisoned by an adder]
  5949 | D:3      | HP: 2/40 [acid (2)]
  6818 | D:3      | Reached XP level 6. HP: 48/48 MP: 7/12
  7895 | D:4      | Noticed Dowan
  7928 | D:4      | Noticed Duvessa
  7937 | D:4      | Killed Dowan
  7938 | D:4      | Reached skill level 6 in Ice Magic
  7938 | D:4      | Killed Duvessa
  8359 | D:5      | Entered Level 5 of the Dungeon
  8412 | D:5      | Learned a level 4 spell: Summon Lightning Spire
  8631 | D:5      | Reached XP level 7. HP: 42/56 MP: 10/14
  8905 | D:5      | Noticed a two-headed ogre
  8920 | D:5      | Found a large runed translucent door.
  8938 | D:5      | Killed a two-headed ogre
  8939 | D:5      | Reached skill level 7 in Ice Magic
  8939 | D:5      | Reached XP level 8. HP: 36/63 MP: 8/16
  9113 | D:5      | Found a large runed translucent door.
  9360 | D:5      | Found a large runed translucent door.
  9360 | D:5      | Found a large runed translucent door.
  9964 | D:6      | Found a staircase to the Ecumenical Temple.
 10017 | Temple   | Entered the Ecumenical Temple
 10241 | D:5      | Learned a level 3 spell: Ozocubu's Armour
 11146 | D:6      | Noticed Pikel
 11199 | D:6      | Killed Pikel
 11200 | D:6      | Reached XP level 9. HP: 46/71 MP: 10/19
 12055 | D:7      | Found a sand-covered staircase.
 12064 | Ossuary  | Entered an ossuary
 12614 | Ossuary  | Reached skill level 5 in Dodging
 13132 | D:7      | Noticed Harold
 13177 | D:7      | Mangled by Harold

Illustrated notes

Levels and vault maps discovered:
D:1:      heliophobic_arrival_battle_scene, layout_loops_ring,
          serial_bayou_lagoon_b
D:2:      layout_basic, ebering_ecumenical_altar_ruins, serial_shops,
          nicolae_lakefront_shop
D:3:      cheibrodos_fertilizer, layout_basic, minivault_5, uniq_jessica
D:4:      layout_loops_ring, saegor_snake_ambush, uniq_duvessa
D:5:      layout_gridville, minmay_hollow_rounded_squares
D:6:      layout_gridville, mainiacjoe_overflow_alcove_2,
          minmay_temple_entry_ruins, st_stairs_13, uniq_pikel
D:7:      layout_basic, nicolae_ossuary_entry_catacombs, uniq_harold
Temple:   grunt_wide_crystal_templ

Skill      XL: |  1  2  3  4  5  6  7  8  9 |
---------------+----------------------------+-----
Ice Magic      | 4 5 6 7 |  7.7
Dodging        | 2 3 4 5 |  5.0
Spellcasting   | 2 3 4 |  4.5
Fighting       | 1 2 3 4 |  4.5
Summonings     | 2 3 |  3.5
Air Magic      | 2 3 |  3.6
Stealth        | |  1.7

Action                   |  1- 3 |  4- 6 |  7- 9 || total
-------------------------+-------+-------+-------++-------
Melee: Unarmed           |    21 |       |       ||    21
       Dagger            |    78 |   112 |   246 ||   436
       Punch             |       |     1 |     7 ||     8
 Cast: Freeze            |    50 |     1 |    10 ||    61
       Frozen Ramparts   |       |    25 |    23 ||    48
       Ozocubu's Armour  |       |       |     3 ||     3
       Summon Lightning  |       |       |     6 ||     6
Evoke: Wand              |       |       |     3 ||     3
  Use: Potion            |     2 |       |       ||     2
       Scroll            |     1 |     6 |     8 ||    15
 Stab: Sleeping          |     3 |     8 |     2 ||    13
Armor: Robe              |    29 |    11 |    43 ||    83
       Skin              |     4 |       |       ||     4
Dodge: Dodged            |    85 |    54 |   164 ||   303
